PCL
MEXICO CITY CERVECEROS @ GRESHAM GOLD SOULS
05/17/2029
 
TOP OF THE 1ST
Mexico City Cerveceros batting - Pitching for Gresham Gold Souls : RHP Tim Cameron
Pitching: RHP Tim Cameron
Batting: RHB Robinson Pacheco 0-0: Called Strike
0-1: Ball
1-1: Foul Ball, location: 2F
1-2: Foul Ball, location: 2F
1-2: Foul Ball, location: 2F
1-2: Ball
2-2: Strikes out looking
Batting: RHB Lee Price 0-0: Ball
1-0: Ball
2-0: Called Strike
2-1: Ball
3-1: Fly out, F7 (Flyball, 78D)
Batting: RHB Júlio López 0-0: Ball
1-0: Ball
2-0: DOUBLE (Line Drive, 9LM)
Batting: LHB John Nicholson 0-0: Ball
1-0: Ball
2-0: Ball
3-0: Base on Balls
Batting: LHB Juan García 0-0: Swinging Strike
0-1: Foul Ball, location: 2F
0-2: Foul Ball, location: 2F
0-2: Strikes out looking
Top of the 1st over - 0 runs, 1 hit, 0 errors, 2 left on base; Mexico City 0 - Gresham 0
BOTTOM OF THE 1ST
Gresham Gold Souls batting - Pitching for Mexico City Cerveceros : RHP Jesús Medina
Pitching: RHP Jesús Medina
Batting: SHB Todd Smith 0-0: Fly out, F7 (Flyball, 78M)
Batting: RHB Elpidio Martinho 0-0: Ball
1-0: Swinging Strike
1-1: Called Strike
1-2: Foul Ball, location: 2F
1-2: Foul Ball, location: 2F
1-2: Ball
2-2: Strikes out swinging
Batting: LHB Nick Scott 0-0: Ball
1-0: Ball
2-0: Fly out, F5 (Popup, 5SF)
Bottom of the 1st over - 0 runs, 0 hits, 0 errors, 0 left on base; Mexico City 0 - Gresham 0
TOP OF THE 2ND
Mexico City Cerveceros batting - Pitching for Gresham Gold Souls : RHP Tim Cameron
Batting: LHB Gary Kern 0-0: Foul Ball, location: 2F
0-1: Ball
1-1: Foul Ball, location: 2F
1-2: Ball
2-2: SINGLE (Line Drive, 9S)
Batting: RHB John Dinkins 0-0: Swinging Strike
0-1: Called Strike
0-2: Ball
1-2: Ball
2-2: Foul Ball, location: 2F
2-2: Strikes out swinging
Batting: LHB Javier Martínez 0-0: Ball
1-0: Ball
2-0: Ball
3-0: Called Strike
3-1: Called Strike
3-2: Base on Balls
Gary Kern to second
Batting: RHB Collin Smith 0-0: Ball
1-0: Swinging Strike
1-1: Foul Ball, location: 2F
1-2: Ground out 5-3 (Groundball, 56S)
Gary Kern to third
Javier Martínez to second
Batting: RHB Robinson Pacheco 0-0: Ground out 1-3 (Groundball, P)
Top of the 2nd over - 0 runs, 1 hit, 0 errors, 2 left on base; Mexico City 0 - Gresham 0
BOTTOM OF THE 2ND
Gresham Gold Souls batting - Pitching for Mexico City Cerveceros : RHP Jesús Medina
Batting: LHB Ezechiele Bruno 0-0: Ball
1-0: Called Strike
1-1: Ball
2-1: Ball
3-1: Base on Balls
Batting: LHB Millard Dye 0-0: Ball
1-0: Swinging Strike
1-1: Ball
2-1: DOUBLE (Line Drive, 7LM)
Ezechiele Bruno to third
Batting: RHB Jaime Rodríguez 0-0: Ball
1-0: Ball
2-0: Foul Ball, location: 2F
2-1: Ball
3-1: Base on Balls
Batting: RHB Gustavo Pagán 0-0: Ground out 5-3 (Groundball, 25)
Ezechiele Bruno scores
Millard Dye to third
Jaime Rodríguez to second
Batting: SHB Francis Shaffer 0-0: Swinging Strike
0-1: Ground out 1-3 (Groundball, 13S)
Batting: RHB Augusto Baiano 0-0: Ball
1-0: Ball
2-0: Ball
Wild Pitch!
Millard Dye scores
Jaime Rodríguez to third
3-0: Base on Balls
Batting: SHB Todd Smith 0-0: Called Strike
0-1: Ground out 6-3 (Groundball, 6MS)
Bottom of the 2nd over - 2 runs, 1 hit, 0 errors, 2 left on base; Mexico City 0 - Gresham 2
TOP OF THE 3RD
Mexico City Cerveceros batting - Pitching for Gresham Gold Souls : RHP Tim Cameron
Batting: RHB Lee Price 0-0: Ball
1-0: DOUBLE (Groundball, 5L)
Batting: RHB Júlio López 0-0: Ball
1-0: Ball
2-0: Ball
3-0: Called Strike
3-1: Called Strike
3-2: Strikes out looking
Batting: LHB John Nicholson 0-0: Called Strike
0-1: Swinging Strike
0-2: Strikes out swinging
Batting: LHB Juan García 0-0: Ball
1-0: Foul Ball, location: 2F
1-1: Foul Ball, location: 2F
1-2: Ground out 6-3 (Groundball, 6M)
Top of the 3rd over - 0 runs, 1 hit, 0 errors, 1 left on base; Mexico City 0 - Gresham 2
BOTTOM OF THE 3RD
Gresham Gold Souls batting - Pitching for Mexico City Cerveceros : RHP Jesús Medina
Batting: RHB Elpidio Martinho 0-0: Ball
1-0: Foul Ball, location: 2F
1-1: Ball
2-1: Ground out 6-3 (Groundball, 6D)
Batting: LHB Nick Scott 0-0: Called Strike
0-1: Called Strike
0-2: Ball
1-2: Ball
2-2: Foul Ball, location: 2F
2-2: Ball
3-2: Foul Ball, location: 2F
3-2: Strikes out swinging
Batting: LHB Ezechiele Bruno 0-0: Swinging Strike
0-1: Fly out, F7 (Flyball, 7)
Bottom of the 3rd over - 0 runs, 0 hits, 0 errors, 0 left on base; Mexico City 0 - Gresham 2
TOP OF THE 4TH
Mexico City Cerveceros batting - Pitching for Gresham Gold Souls : RHP Tim Cameron
Batting: LHB Gary Kern 0-0: Ball
1-0: Foul Ball, location: 2F
1-1: Ball
2-1: Ball
3-1: Base on Balls
Batting: RHB John Dinkins 0-0: Ball
1-0: Swinging Strike
1-1: Called Strike
1-2: Ball
2-2: Foul Ball, location: 2F
2-2: Fly out, F8 (Line Drive, 8LD)
Batting: LHB Javier Martínez 0-0: Ball
1-0: Swinging Strike
1-1: Foul Ball, location: 2F
1-2: Foul Ball, location: 2F
1-2: Strikes out swinging
Batting: RHB Collin Smith 0-0: Ball
1-0: Fly out, F8 (Flyball, 8LM)
Top of the 4th over - 0 runs, 0 hits, 0 errors, 1 left on base; Mexico City 0 - Gresham 2
BOTTOM OF THE 4TH
Gresham Gold Souls batting - Pitching for Mexico City Cerveceros : RHP Jesús Medina
Batting: LHB Millard Dye 0-0: Ball
1-0: Foul Ball, location: 2F
1-1: Foul Ball, location: 2F
1-2: Foul Ball, location: 2F
1-2: Fly out, F7 (Flyball, 78D)
Batting: RHB Jaime Rodríguez 0-0: Ball
1-0: Ball
2-0: Ball
3-0: Base on Balls
Batting: RHB Gustavo Pagán 0-0: Ball
1-0: Ball
2-0: Ball
3-0: Base on Balls
Jaime Rodríguez to second
Batting: SHB Francis Shaffer 0-0: Grounds into double play, 5-4-3 (Groundball, 6)
Bottom of the 4th over - 0 runs, 0 hits, 0 errors, 1 left on base; Mexico City 0 - Gresham 2
TOP OF THE 5TH
Mexico City Cerveceros batting - Pitching for Gresham Gold Souls : RHP Tim Cameron
Batting: RHB Robinson Pacheco 0-0: Called Strike
0-1: Ball
1-1: Ball
2-1: Ground out 1-3 (Groundball, 15S)
Batting: RHB Lee Price 0-0: Ball
1-0: Ball
2-0: Called Strike
2-1: Foul Ball, location: 2F
2-2: Fly out, F7 (Flyball, 78S)
Batting: RHB Júlio López 0-0: Swinging Strike
0-1: DOUBLE (Line Drive, 7LM)
Batting: LHB John Nicholson 0-0: Foul Ball, location: 2F
0-1: Ball
1-1: Foul Ball, location: 2F
1-2: Ball
2-2: Ball
3-2: 2-RUN HOME RUN (Flyball, 9LD), Distance : 365 ft
Batting: LHB Juan García 0-0: Ball
1-0: Called Strike
1-1: Foul Ball, location: 2F
1-2: Ball
2-2: Ball
3-2: Foul Ball, location: 2F
3-2: Strikes out swinging
Top of the 5th over - 2 runs, 2 hits, 0 errors, 0 left on base; Mexico City 2 - Gresham 2
BOTTOM OF THE 5TH
Gresham Gold Souls batting - Pitching for Mexico City Cerveceros : RHP Jesús Medina
Batting: RHB Augusto Baiano 0-0: Ground out 5-3 (Groundball, 56S)
Batting: SHB Todd Smith 0-0: Called Strike
0-1: Ball
1-1: Ball
2-1: Ball
3-1: Fly out, F4 (Popup, 4)
Batting: RHB Elpidio Martinho 0-0: SINGLE (Line Drive, 4D)
Batting: LHB Nick Scott 0-0: Called Strike
0-1: Ball
1-1: Foul Ball, location: 2F
1-2: Ball
2-2: Ground out 4-3 (Groundball, 4)
Bottom of the 5th over - 0 runs, 1 hit, 0 errors, 1 left on base; Mexico City 2 - Gresham 2
TOP OF THE 6TH
Mexico City Cerveceros batting - Pitching for Gresham Gold Souls : RHP Tim Cameron
Pitching: RHP Paul Miller
Batting: LHB Gary Kern 0-0: Called Strike
0-1: SINGLE (Line Drive, 56D)
Batting: RHB John Dinkins 0-0: Ball
1-0: Foul Ball, location: 2F
1-1: Fly out, F3 (Popup, 3SF)
Batting: LHB Javier Martínez 0-0: Ball
1-0: Ball
2-0: Ball
3-0: Base on Balls
Gary Kern to second
Batting: RHB Collin Smith 0-0: Called Strike
0-1: Foul Ball, location: 2F
0-2: Ball
1-2: Ball
2-2: Foul Ball, location: 2F
2-2: Strikes out looking
Batting: RHB Robinson Pacheco 0-0: Ball
1-0: Foul Ball, location: 2F
1-1: Swinging Strike
1-2: Strikes out swinging
Top of the 6th over - 0 runs, 1 hit, 0 errors, 2 left on base; Mexico City 2 - Gresham 2
BOTTOM OF THE 6TH
Gresham Gold Souls batting - Pitching for Mexico City Cerveceros : RHP Jesús Medina
Batting: LHB Ezechiele Bruno 0-0: Called Strike
0-1: Ball
1-1: Called Strike
1-2: Ball
2-2: Foul Ball, location: 2F
2-2: Strikes out swinging
Batting: LHB Millard Dye 0-0: Called Strike
0-1: DOUBLE (Line Drive, 9LM)
Pitching: RHP Jonathan Long
Batting: RHB Jaime Rodríguez 0-0: Ball
1-0: Swinging Strike
1-1: Ball
2-1: Swinging Strike
2-2: Foul Ball, location: 2F
2-2: Fly out, F8 (Flyball, 8LD)
Batting: RHB Gustavo Pagán 0-0: Foul Ball, location: 2F
0-1: Ball
1-1: Ball
2-1: Foul Ball, location: 2F
2-2: Ball
3-2: Base on Balls
Batting: SHB Francis Shaffer 0-0: TRIPLE (Flyball, 89XD)
Millard Dye scores
Gustavo Pagán scores
Batting: RHB Augusto Baiano 0-0: Ball
1-0: Ball
2-0: Ball
3-0: Base on Balls
Batting: SHB Todd Smith 0-0: Ball
1-0: Ball
2-0: Foul Ball, location: 2F
2-1: Ground out 3-1 (Groundball, 34S)
Bottom of the 6th over - 2 runs, 2 hits, 0 errors, 2 left on base; Mexico City 2 - Gresham 4
TOP OF THE 7TH
Mexico City Cerveceros batting - Pitching for Gresham Gold Souls : RHP Paul Miller
Batting: RHB Lee Price 0-0: Called Strike
0-1: Ball
1-1: Ball
2-1: Foul Ball, location: 2F
2-2: Foul Ball, location: 2F
2-2: SOLO HOME RUN (Flyball, 78XD), Distance : 418 ft
Batting: RHB Júlio López 0-0: Called Strike
0-1: Ball
1-1: Ball
2-1: Ball
3-1: Called Strike
3-2: Strikes out swinging
Batting: LHB John Nicholson 0-0: Swinging Strike
0-1: Called Strike
0-2: Foul Ball, location: 2F
0-2: Strikes out swinging
Batting: LHB Juan García 0-0: Ball
1-0: Foul Ball, location: 2F
1-1: Ball
2-1: Foul Ball, location: 2F
2-2: Ground out 6-3 (Groundball, 6M)
Top of the 7th over - 1 run, 1 hit, 0 errors, 0 left on base; Mexico City 3 - Gresham 4
BOTTOM OF THE 7TH
Gresham Gold Souls batting - Pitching for Mexico City Cerveceros : RHP Jonathan Long
Batting: RHB Elpidio Martinho 0-0: Fly out, F6 (Line Drive, 6)
Batting: LHB Nick Scott 0-0: Ball
1-0: Ball
2-0: Called Strike
2-1: Foul Ball, location: 2F
2-2: SINGLE (Flyball, 9LS)
Batting: LHB Ezechiele Bruno 0-0: Swinging Strike
0-1: Ball
1-1: Ball
2-1: Fielders Choice at 2nd, 4-6 (Groundball, 4)
Batting: LHB Millard Dye 0-0: Ball
1-0: Foul Ball, location: 2F
1-1: Ball
2-1: Foul Ball, location: 2F
2-2: Ball
3-2: Fly out, F8 (Flyball, 78XD)
Bottom of the 7th over - 0 runs, 1 hit, 0 errors, 1 left on base; Mexico City 3 - Gresham 4
TOP OF THE 8TH
Mexico City Cerveceros batting - Pitching for Gresham Gold Souls : RHP Paul Miller
Batting: LHB Gary Kern 0-0: Called Strike
0-1: SINGLE (Line Drive, 9LM)
Batting: RHB John Dinkins 0-0: Ball
1-0: Ball
2-0: Fly out, F8 (Flyball, 8RXD)
Batting: LHB Javier Martínez 0-0: Called Strike
0-1: Called Strike
0-2: Ball
1-2: Foul Ball, location: 2F
1-2: Foul Ball, location: 2F
1-2: Ball
2-2: SINGLE (Line Drive, 4)
Gary Kern to second
Batting: RHB Collin Smith 0-0: Foul Ball, location: 2F
0-1: Ball
1-1: Bunted foul
1-2: Foul Ball, location: 2F
1-2: Foul Ball, location: 2F
1-2: Foul Ball, location: 2F
1-2: Grounds into double play, 6-4-3 (Groundball, 6)
Top of the 8th over - 0 runs, 2 hits, 0 errors, 1 left on base; Mexico City 3 - Gresham 4
BOTTOM OF THE 8TH
Gresham Gold Souls batting - Pitching for Mexico City Cerveceros : RHP Jonathan Long
Batting: RHB Jaime Rodríguez 0-0: Swinging Strike
0-1: Called Strike
0-2: Strikes out swinging
Batting: RHB Gustavo Pagán 0-0: Foul Ball, location: 2F
0-1: Swinging Strike
0-2: Ball
1-2: Strikes out swinging
Batting: SHB Francis Shaffer 0-0: Ball
1-0: Called Strike
1-1: Foul Ball, location: 2F
1-2: Ball
2-2: Ball
3-2: Strikes out looking
Bottom of the 8th over - 0 runs, 0 hits, 0 errors, 0 left on base; Mexico City 3 - Gresham 4
TOP OF THE 9TH
Mexico City Cerveceros batting - Pitching for Gresham Gold Souls : RHP Paul Miller
Pitching: LHP Jerry Beck
Batting: RHB Robinson Pacheco 0-0: Ball
1-0: Swinging Strike
1-1: Ball
2-1: Foul Ball, location: 2F
2-2: Foul Ball, location: 2F
2-2: Strikes out swinging
Batting: RHB Lee Price 0-0: Ground out 6-3 (Groundball, 6S)
Batting: RHB Júlio López 0-0: DOUBLE (Line Drive, 89D)
Pinch Hitting: RHB Juan Brieno 0-0: Ball
1-0: Ball
2-0: Called Strike
2-1: Ball
3-1: Called Strike
3-2: Foul Ball, location: 2F
3-2: SINGLE (Flyball, 78S)
Júlio López to third
Júlio López scores
Pinch Hitting: RHB Orlando González 0-0: Ball
1-0: Foul Ball, location: 2F
1-1: Ball
2-1: Ball
3-1: Called Strike
3-2: Foul Ball, location: 2F
3-2: Fly out, F9 (Flyball, 9S)
Top of the 9th over - 1 run, 2 hits, 0 errors, 1 left on base; Mexico City 4 - Gresham 4
BOTTOM OF THE 9TH
Gresham Gold Souls batting - Pitching for Mexico City Cerveceros : RHP Jonathan Long
Pitching: RHP Manuel Zarate
Now at 2B: Juan Brieno
Now in RF: Ricardo Remedios
Pinch Hitting: LHB Bill Smith 0-0: Ball
1-0: Ball
2-0: Called Strike
2-1: Foul Ball, location: 2F
2-2: Foul Ball, location: 2F
2-2: DOUBLE (Line Drive, 7LS)
Batting: SHB Todd Smith 0-0: Intentional Walk
Pinch Hitting: RHB Alberto Chávez 0-0: Foul Ball, location: 2F
0-1: Foul Ball, location: 2F
0-2: Ball
1-2: Ball
2-2: Ball
3-2: Fly out, F8 (Flyball, 89D)
Runner from 2nd tags up, SAFE at 3rd, no throw
Batting: LHB Nick Scott 0-0: Ball
1-0: Called Strike
1-1: Ball
2-1: Swinging Strike
2-2: SINGLE (Groundball, 56) (infield hit)
Bill Smith scores
Saturday, December 16th, 2017 - OOTP Baseball 18.8 Build 76